 Dungeon Crawl Stone Soup version 0.28-a0-957-g42eb19b844 (webtiles) character file.

Game seed: 4448348391435203372

153554 tsouns the Eclecticist (level 17, -4/96 HPs)
             Began as a Deep Elf Conjurer on Nov 29, 2021.
             Was the Champion of Dithmenos.
             Shot with a bolt by a naga sharpshooter (25 damage)
             ... led by Vashnia
             ... on level 2 of the Snake Pit on Nov 30, 2021.
             The game lasted 01:25:40 (30172 turns).

tsouns the Eclecticist (Deep Elf Conjurer)         Turns: 30172, Time: 01:25:40

Health: -4/96      AC: 14    Str:  4    XL:     17   Next: 5%
Magic:  9/43       EV: 16    Int: 47    God:    Dithmenos [******]
Gold:   2825       SH:  7    Dex: 13    Spells: 12/56 levels left

rFire   + . .      SeeInvis +   A - staff of conjuration
rCold   + . .      Faith    .   h - +2 buckler {rF+}
rNeg    + . .      Spirit   .   V - +0 steam dragon scales
rPois   .          Reflect  .   z - +1 helmet
rElec   .          Harm     .   K - +2 cloak
rCorr   +          Rampage  +   n - +1 pair of gloves
Will    +....                   Q - +1 pair of boots {rampage}
Stlth   +++++++++.              x - macabre finger necklace {rN+}
HPRegen 0.26/turn               L - +6 ring of intelligence
MPRegen 0.28/turn               R - ring "Xionaut" {rCorr EV+4 Int+2}
                                N - ring "Pawucwecw" {rC+ Int+7 SInv}

@: hasted, wreathed by umbra, very quick
A: no striking features
a: Renounce Religion, Shadow Step, Shadow Form


You were on level 2 of the Snake Pit.
You worshipped Dithmenos.
Dithmenos was exalted by your worship.
You visited 4 branches of the dungeon, and saw 25 of its levels.
You also visited: Gauntlet.

You collected 3419 gold pieces.
You spent 594 gold pieces at shops.

Inventory:

Hand Weapons
 w - the +8 long sword "Omeq Tuhi" {vorpal, Will+}
   (You found it on level 10 of the Dungeon)

   It inflicts extra damage upon your enemies.
   Will:      It increases your willpower.
 T - the +8 demon trident "Rift" {distort, reach+}
   (You took it off a minotaur in a Gauntlet)

   It warps and distorts space around it, and may blink, banish, or inflict
   extra damage upon those it strikes.
   Unwielding it can cause banishment or high damage.
   It can reach especially far, and its reaching attacks ignore other creatures
   in the way.
Missiles
 m - 116 poisoned darts
 G - 4 curare-tipped darts
 U - 8 silver javelins
 W - a throwing net
Armour
 h - a +2 buckler of fire resistance (worn)
 n - a +1 pair of gloves (worn)
 z - a +1 helmet (worn)
 K - a +2 cloak (worn)
 Q - a +1 pair of boots of rampaging (worn)
 V - +0 steam dragon scales (worn)
Magical Staves
 A - a staff of conjuration (weapon)
Jewellery
 v - a ring of flight
 x - the macabre finger necklace (around neck) {rN+}
   (You took it off a minotaur in a Gauntlet)

   [amulet of nothing]

   It enables you to equip an extra ring.
   rN:        It protects you from negative energy.
 L - a +6 ring of intelligence (left hand)
 N - the ring "Pawucwecw" (on amulet) {rC+ Int+7 SInv}
   (You found it in a Gauntlet)

   [ring of protection from cold]

   Int:       It affects your intelligence (+7).
   rC:        It protects you from cold.
   SInv:      It lets you see invisible.
 O - the ring of the Hare {EV+8}
   (You found it in a Gauntlet)

   [ring of evasion]

   EV:        It affects your evasion (+8).
 R - the ring "Xionaut" (right hand) {rCorr EV+4 Int+2}
   (You found it in a Gauntlet)

   [ring of evasion]

   EV:        It affects your evasion (+4).
   Int:       It affects your intelligence (+2).
   rCorr:     It protects you from acid and corrosion.
Wands
 a - a wand of paralysis (10)
 g - a wand of mindburst (26)
 y - a wand of digging (14)
 C - a wand of acid (7)
 H - a wand of iceblast (36)
 X - a wand of flame (25)
Scrolls
 f - 4 scrolls of blinking
 j - 4 scrolls of fear
 l - 3 scrolls of brand weapon
 o - a scroll of summoning
 q - 4 scrolls of fog
 r - 10 scrolls of teleportation
 s - 4 scrolls of magic mapping
 E - 2 scrolls of identify
 I - 6 scrolls of immolation
 M - 2 scrolls of silence
 Y - a scroll of enchant weapon
Potions
 d - 2 potions of haste
 e - a potion of magic
 k - 4 potions of might
 p - 3 potions of berserk rage
 t - 3 potions of brilliance
 B - 6 potions of ambrosia
 D - 10 potions of curing
 F - a potion of flight
 P - a potion of mutation
 S - a potion of resistance
Miscellaneous
 J - a phantom mirror


   Skills:
 - Level 7.5 Fighting
 - Level 2.4 Dodging
 + Level 10.9 Stealth
 - Level 4.0 Shields
 + Level 20.2 Spellcasting
 + Level 16.7 Conjurations
 + Level 12.3 Fire Magic
 + Level 13.3 Invocations


You had 12 spell levels left.
You knew the following spells:

 Your Spells              Type           Power      Damage    Failure   Level
a - Magic Dart            Conj           100%       1d8       0%          1
b - Searing Ray           Conj           100%       2d8       0%          2
c - Dazzling Flash        Conj/Hex       100%       N/A       1%          3
d - Blink                 Tloc           94%        N/A       1%          2
e - Iskenderun's Mystic   Conj/Tloc      100%       2d19      1%          4
f - Fulminant Prism       Conj/Hex       56%        3d25      1%          4
g - Hailstorm             Conj/Ice       100%       3d20      1%          4
h - Starburst             Conj/Fire      67%        6d18      1%          6
i - Fire Storm            Conj/Fire      67%        8d17      69%         9
j - Sticky Flame          Conj/Fire      100%       2d11      0%          4
k - Fireball              Conj/Fire      67%        3d25      1%          5

Your spell library contained the following spells:

 Spells                   Type           Power      Damage    Failure   Level
 Iskenderun's Battlesphe  Conj           100%       2d15      0%          5
 Freeze                   Ice            100%       1d11      1%          1
 Slow                     Hex            100%       N/A       1%          1
 Sting                    Tmut/Pois      100%       1d8       1%          1
 Ensorcelled Hibernation  Hex/Ice        94%        N/A       1%          2
 Poisonous Vapours        Pois/Air       94%        N/A       1%          2
 Static Discharge         Conj/Air       100%       N/A       1%          2
 Sublimation of Blood     Necr           47%        N/A       1%          2
 Wereblood                Tmut           47%        N/A       1%          2
 Call Canine Familiar     Summ           47%        N/A       1%          3
 Confusing Touch          Hex            47%        N/A       1%          3
 Frozen Ramparts          Ice            94%        1d11      1%          3
 Lesser Beckoning         Tloc           47%        N/A       1%          3
 Portal Projectile        Hex/Tloc       94%        N/A       1%          3
 Spider Form              Tmut/Pois      47%        N/A       1%          3
 Stone Arrow              Conj/Erth      100%       3d13      1%          3
 Conjure Ball Lightning   Conj/Air       56%        3x3d20    1%          6
 Orb of Destruction       Conj           70%        9d18      1%          7
 Dispel Undead            Necr           47%        3d18      3%          4
 Leda's Liquefaction      Hex/Erth       23%        N/A       3%          4
 Olgreb's Toxic Radiance  Pois           47%        N/A       3%          4
 Lee's Rapid Deconstruct  Erth           23%        3d14*     11%         5
 Manifold Assault         Tloc           47%        N/A       11%         5
 Yara's Violent Unravell  Hex/Tmut       23%        3d10      11%         5
 Ignition                 Fire           52%        3d14      16%         8
 Ozocubu's Refrigeration  Ice            23%        4d9       97%         7
 Summon Hydra             Summ           23%        N/A       97%         7


Dungeon Overview and Level Annotations

Branches:
Dungeon (15/15)            Temple (0/1) D:6            Lair (6/6) D:11
  Swamp (0/4) Lair:4        Snake (2/4) Lair:3        Slime (0/5) Lair:5
    Orc (2/2) D:9             Elf (0/3) Orc:2        Vaults (0/5) D:14
 Depths (0/4) D:15        Gauntlet (visited)

Altars:
Cheibriados
Dithmenos
Elyvilon
Gozag
Kikubaaqudgha
Makhleb
Okawaru
Ru
Sif Muna
Vehumet
Xom
Zin
Beogh
Jiyva

Shops:
D:3 ?   D:5 (   D:6 !   D:13 *   Orc:2 :!(!

Portals:
Trove: D:13 (give 2 scrolls of acquirement)


Message History

You feel much better.
You feel sick.
You feel yourself speed up.
You feel sick.
Vashnia shoots a bolt.
The bolt hits you!!
* * * LOW HITPOINT WARNING * * *
You emit a cloud of dark smoke.
A naga sharpshooter comes into view. It is wielding a +0 hand axe.
Unknown command.
Unknown command.
You feel much better.
You feel sick.
Vashnia shoots a bolt.
The bolt hits you!!
* * * LOW HITPOINT WARNING * * *
You emit a cloud of dark smoke.
Unknown command.
You feel better.
Casting: Fireball (safe; 1% risk of failure)
Confirm with . or Enter, or press ? or * to list all spells.
Aiming: Fireball (safe; 1% risk of failure)
Press: ? - help, Shift-Dir - straight line, f/p - Vashnia
Aim: Vashnia, wielding a +0 arbalest, wearing a +0 barding of flying and quivering bolts (severely wounded, umbra)
You feel a surge of power!
The fireball explodes!
The fireball engulfs Vashnia!!
Vashnia is almost dead.
Unknown command.
Casting: Fireball (safe; 1% risk of failure)
Confirm with . or Enter, or press ? or * to list all spells.
Aiming: Fireball (safe; 1% risk of failure)
Press: ? - help, Shift-Dir - straight line, f/p - Vashnia
Aim: Vashnia, wielding a +0 arbalest, wearing a +0 barding of flying and quivering bolts (almost dead, umbra)
You feel a surge of power!
The fireball explodes!
The fireball engulfs Vashnia!!!
You kill Vashnia!
Dithmenos accepts your kill.
The fireball engulfs the naga sharpshooter!!!
The naga sharpshooter is heavily wounded.
You hear a shout!
The naga sharpshooter unwields a +0 battleaxe.
The naga sharpshooter wields a +0 arbalest.
The naga sharpshooter casts a spell.
The naga sharpshooter magically shoots a bolt.
The bolt hits you!!
You die...

#....#...(....).....
#...................
##..)..##............
#.......#............
##.).)..........).....
##.)###..........).....
##..##
##......§........ #..##
##....§#§§.)NN.N ..##
#####§§@###.... .##
#§§## ... ## #§## #
..#. # #.# #
#############
.>......>.##
.....###...## .#####
##...#


You could see 3 naga sharpshooters.

Vanquished Creatures
  Vashnia (Snake:2)
  Nikola (Snake:2)
  Rupert (D:12)
  Jorgrun (Orc:2)
  Aizul (Snake:1)
  Nessos (Lair:5)
  A minotaur (Gauntlet)
  A dire elephant (D:15)
  A fire dragon (Lair:6)
  Josephine (D:14)
  A naga warrior (Snake:1)
  10 hydras
  2 catoblepae
  An ogre mage (D:14)
  A boulder beetle (D:15)
  5 two-headed ogres
  6 centaur warriors
  2 death knights
  5 death yaks (Lair:4)
  4 shock serpents (Snake:1)
  2 tengu warriors (D:15)
  Urug (Lair:3)
  A shock serpent (shapeshifter) (D:14)
  3 orc high priests (Orc:2)
  Sonja (D:11)
  2 naga sharpshooters (Snake:1)
  Nergalle (Lair:4)
  6 skeletal warriors (D:14)
  A fire crab (Lair:6)
  A glowing orange brain (shapeshifter) (D:15)
  2 mana vipers (Snake:1)
  2 phantasmal warriors
  2 deep elf pyromancers (D:14)
  6 orc knights
  5 orc sorcerers
  A shining eye (Gauntlet)
  An oklob plant (Lair:6)
  2 salamanders
  8 ugly things
  6 elephants
  6 cyclopes
  10 black mambas
  5 molten gargoyles
  A torpor snail (Lair:2)
  8 naga magi
  8 cane toads
  Maurice (D:11)
  3 gargoyles
  3 kobold demonologists
  4 rime drakes
  An unseen horror (D:12)
  14 komodo dragons
  3 yaktaurs (D:14)
  A tengu conjurer (D:10)
  3 freezing wraiths
  A merfolk (D:15)
  4 trolls
  A queen bee (Lair:1)
  3 polar bears
  A wolf spider simulacrum (D:14)
  2 raiju (Gauntlet)
  A harpy skeleton (D:14)
  16 slime creatures
  13 blink frogs
  A vampire (D:13)
  2 shadows
  5 wraiths
  3 basilisks
  A golden eye (Gauntlet)
  10 wyverns
  3 steam dragons
  77 yaks
  4 vampire mosquitoes (D:11)
  5 wargs
  5 swamp worms (Lair:4)
  8 nagas
  An acid dragon (D:12)
  A floating eye (Gauntlet)
  21 water moccasins
  3 hell hounds (Lair:6)
  20 orc warriors
  A black bear (Lair:2)
  A necrophage (D:4)
  A hornet zombie (D:9)
  19 wolves
  9 ogres
  15 centaurs
  4 kobold brigands
  11 bullfrogs
  A scorpion (D:11)
  A wyvern zombie (D:7)
  24 killer bees (Lair:1)
  An electric eel (Lair:4)
  5 howler monkeys
  10 lava snakes
  A bullfrog zombie (D:6)
  A hound (D:6)
  11 orc priests
  5 centaur skeletons
  An iguana (D:6)
  A lightning spire (Gauntlet)
  20 orc wizards
  13 hell rats (Lair:3)
  A killer bee zombie (D:7)
  Robin (D:4)
  4 gnolls (D:5)
  An adder (D:3)
  2 ufetubi
  2 dart slugs
  41 orcs
  5 bats
  7 endoplasms
  3 giant cockroaches
  12 goblins
  5 hobgoblins
  5 jackals
  12 kobolds
  3 quokkas (D:2)
  7 ball pythons
  4 frilled lizards
  7 rats
662 creatures vanquished.

Vanquished Creatures (others)
  2 fulminant prisms
  39 fungi
  39 plants
  5 withered plants (D:2)
85 creatures vanquished.

Grand Total: 747 creatures vanquished

Notes
Turn   | Place    | Note
-------+----------+-------------------------------------------
     0 | D:1      | tsouns the Deep Elf Conjurer began the quest for the Orb.
     0 | D:1      | Reached XP level 1. HP: 10/10 MP: 6/6
   238 | D:1      | Reached XP level 2. HP: 15/15 MP: 3/8
   295 | D:1      | Learned a level 2 spell: Searing Ray
  1113 | D:2      | Found a faded altar of an unknown god.
  1139 | D:2      | Prayed at the altar of an unknown god.
  1139 | D:2      | Became a worshipper of Dithmenos the Shadowed
  1139 | D:2      | Reached * piety under Dithmenos
  1398 | D:2      | Reached skill level 4 in Spellcasting
  1734 | D:3      | Reached skill level 5 in Conjurations
  1734 | D:3      | Reached XP level 3. HP: 19/19 MP: 8/10
  2069 | D:3      | Learned a level 3 spell: Dazzling Flash
  2085 | D:3      | Found Daeme's Magic Scroll Shop.
  2097 | D:3      | Bought a scroll of blinking for 90 gold pieces
  2097 | D:3      | Bought a scroll of teleportation for 36 gold pieces
  2804 | D:4      | Reached ** piety under Dithmenos
  2808 | D:4      | Noticed Robin
  2815 | D:4      | Reached XP level 4. HP: 24/24 MP: 8/12
  2822 | D:4      | Killed Robin
  3401 | D:4      | Noticed a necrophage
  3411 | D:4      | Killed a necrophage
  3412 | D:4      | Reached skill level 1 in Shields
  3412 | D:4      | Reached skill level 5 in Spellcasting
  3412 | D:4      | Reached XP level 5. HP: 28/28 MP: 8/14
  3636 | D:5      | Entered Level 5 of the Dungeon
  3876 | D:5      | Found a glowing silver altar of Zin.
  3990 | D:5      | Found Agawiy's Antique Weapon Emporium.
  4020 | D:5      | Noticed an ogre
  4024 | D:5      | Killed an ogre
  4025 | D:5      | Reached skill level 6 in Spellcasting
  4025 | D:5      | Reached XP level 6. HP: 32/32 MP: 13/17
  4318 | D:6      | Found Xyef's Distillery.
  4327 | D:6      | Noticed a steam dragon
  4334 | D:6      | Killed a steam dragon
  4335 | D:6      | Reached skill level 7 in Spellcasting
  4335 | D:6      | Reached XP level 7. HP: 11/36 MP: 10/19
  4349 | D:6      | Bought a potion of curing for 36 gold pieces
  4349 | D:6      | Bought a potion of attraction for 36 gold pieces
  4349 | D:6      | Bought a potion of degeneration for 12 gold pieces
  4352 | D:6      | Identified a scroll of acquirement
  4352 | D:6      | Acquired 1194 gold pieces
  4550 | D:6      | Identified the +0 leather armour of Xililiyl {rC- Int+8
                  | Slay-6 SInv}
  5018 | D:6      | Found a staircase to the Ecumenical Temple.
  5614 | D:7      | Found a sacrificial altar of Ru.
  5655 | D:7      | Reached *** piety under Dithmenos
  5656 | D:7      | Reached skill level 8 in Spellcasting
  5656 | D:7      | Reached XP level 8. HP: 35/41 MP: 12/22
  6220 | D:8      | Found a snail-covered altar of Cheibriados.
  6324 | D:8      | Found a burning altar of Makhleb.
  6325 | D:8      | Found a shimmering blue altar of Sif Muna.
  6325 | D:8      | Found an iron altar of Okawaru.
  6327 | D:8      | Found a shimmering altar of Xom.
  6447 | D:8      | Reached skill level 9 in Spellcasting
  6717 | D:9      | Found a staircase to the Orcish Mines.
  7223 | D:9      | Reached skill level 10 in Spellcasting
  7226 | D:9      | Learned a level 2 spell: Blink
  7231 | D:9      | Learned a level 4 spell: Iskenderun's Mystic Blast
  7236 | D:9      | Learned a level 4 spell: Fulminant Prism
  7236 | D:9      | Found an opulent altar of Gozag.
  7307 | D:9      | Reached XP level 9. HP: 37/45 MP: 19/25
  7388 | D:9      | Learned a level 4 spell: Hailstorm
  7448 | D:9      | Reached skill level 11 in Spellcasting
  7448 | D:9      | Reached skill level 10 in Conjurations
  8027 | D:9      | Reached skill level 12 in Spellcasting
  8240 | D:10     | Entered Level 10 of the Dungeon
  8321 | D:10     | Reached skill level 1 in Invocations
  8321 | D:10     | Reached XP level 10. HP: 50/50 MP: 17/28
  8366 | D:10     | Identified the +1 leather armour of Xadugh {rCorr Str+2
                  | Dex-3}
  8390 | D:10     | Identified the +8 long sword "Omeq Tuhi" {vorpal, Will+}
  8580 | D:10     | Reached **** piety under Dithmenos
  8631 | D:10     | Found a white marble altar of Elyvilon.
  8636 | D:10     | Reached skill level 13 in Spellcasting
  9034 | D:10     | Acquired Iskenderun's Volume of Attacks
  9043 | D:10     | Learned a level 6 spell: Starburst
  9053 | D:10     | Learned a level 9 spell: Fire Storm
  9107 | D:11     | Noticed a white ugly thing
  9116 | D:11     | Killed a white ugly thing
  9117 | D:11     | Reached skill level 5 in Stealth
  9117 | D:11     | Reached skill level 1 in Fire Magic
  9117 | D:11     | Reached skill level 5 in Invocations
  9117 | D:11     | Noticed Sonja
  9123 | D:11     | Killed Sonja
  9232 | D:11     | Noticed Maurice
  9241 | D:11     | Killed Maurice
  9313 | D:11     | Reached XP level 11. HP: 54/54 MP: 27/30
  9417 | D:11     | Found a staircase to the Lair.
  9629 | D:11     | Noticed a two-headed ogre
  9642 | D:11     | Killed a two-headed ogre
  9643 | D:11     | Reached skill level 14 in Spellcasting
 10169 | Lair:1   | Entered Level 1 of the Lair of Beasts
 10397 | Lair:1   | Reached skill level 5 in Fire Magic
 10406 | Lair:1   | Found a gate leading to a gauntlet.
 10417 | Gauntlet | Entered a Gauntlet
 10417 | Gauntlet | Noticed a shining eye
 10417 | Gauntlet | Found a transporter.
 10417 | Gauntlet | Found a transporter.
 10430 | Gauntlet | Found a transporter.
 10430 | Gauntlet | Found a transporter.
 10433 | Gauntlet | Found a transporter.
 10433 | Gauntlet | Found a transporter.
 10438 | Gauntlet | Found the ring of the Hare {EV+8}
 10441 | Gauntlet | Noticed a death yak
 10443 | Gauntlet | Found a transporter.
 10447 | Gauntlet | Found a transporter.
 10448 | Gauntlet | Noticed a death yak
 10450 | Gauntlet | Noticed a catoblepas
 10454 | Gauntlet | Noticed a reaper
 10462 | Gauntlet | Found a transporter.
 10463 | Gauntlet | Found a transporter.
 10484 | Gauntlet | Found a transporter.
 10486 | Gauntlet | Found a transporter.
 10491 | Gauntlet | Noticed a death yak
 10635 | Gauntlet | Killed a shining eye
 10703 | Gauntlet | Identified the ring "Pawucwecw" {rC+ Int+7 SInv}
 10723 | Gauntlet | Killed a catoblepas
 10724 | Gauntlet | Reached XP level 12. HP: 43/59 MP: 9/32
 10734 | Gauntlet | Identified the ring "Xionaut" {rCorr EV+4 Int+2}
 10824 | Gauntlet | Noticed a minotaur
 11000 | Gauntlet | Killed a minotaur
 11423 | Lair:1   | Noticed a five-headed hydra
 11432 | Lair:1   | Killed a five-headed hydra
 11625 | Lair:1   | Reached skill level 15 in Spellcasting
 11631 | Lair:1   | Upgraded the game from 0.28-a0-941-g140ffa10cf to
                  | 0.28-a0-957-g42eb19b844
 11634 | Lair:1   | Reached ***** piety under Dithmenos
 11934 | Lair:1   | Learned a level 4 spell: Sticky Flame
 11934 | Lair:1   | Acquired the Unrestrained Analects
 12344 | Lair:2   | Noticed a four-headed hydra
 12354 | Lair:2   | Killed a four-headed hydra
 13024 | Lair:2   | Reached skill level 10 in Stealth
 14112 | Lair:3   | Reached XP level 13. HP: 32/63 MP: 18/34
 14329 | Lair:3   | Reached skill level 16 in Spellcasting
 14451 | Lair:3   | Reached skill level 1 in Fighting
 14681 | Lair:3   | Reached ****** piety under Dithmenos
 15012 | Lair:3   | Learned a level 5 spell: Fireball
 15129 | Lair:3   | Found a staircase to the Snake Pit.
 15197 | Lair:3   | Noticed Urug
 15207 | Lair:3   | Killed Urug
 16045 | Lair:4   | Noticed Nergalle
 16050 | Lair:4   | Killed Nergalle
 16531 | Lair:4   | Reached skill level 10 in Invocations
 16603 | Lair:4   | Found a staircase to the Swamp.
 17072 | Lair:5   | Identified the +3 glaive of the Vaults {drain, rCorr
                  | Stlth+}
 17226 | Lair:5   | Noticed Nessos
 17229 | Lair:5   | Killed Nessos
 18084 | Lair:5   | Found a viscous altar of Jiyva.
 18085 | Lair:5   | Found a staircase to the Slime Pits.
 18218 | Lair:6   | Entered Level 6 of the Lair of Beasts
 18225 | Lair:6   | Reached XP level 14. HP: 51/76 MP: 12/36
 18226 | Lair:6   | Reached skill level 5 in Fighting
 18816 | Lair:6   | Reached skill level 17 in Spellcasting
 19169 | Lair:6   | Found a shadowy altar of Dithmenos.
 19788 | Lair:6   | Reached skill level 15 in Conjurations
 19990 | Lair:6   | Found a large runed translucent door.
 19991 | Lair:6   | Found a large runed translucent door.
 20440 | Orc:1    | Entered Level 1 of the Orcish Mines
 20880 | Orc:1    | Reached skill level 10 in Fire Magic
 21422 | Orc:2    | Entered Level 2 of the Orcish Mines
 21704 | Orc:2    | Noticed Jorgrun
 21708 | Orc:2    | Killed Jorgrun
 22057 | Orc:2    | Found a radiant altar of Vehumet.
 22059 | Orc:2    | Found a staircase to the Elven Halls.
 22755 | Orc:2    | Paralysed by an orc sorcerer for 7 turns
 22966 | Orc:2    | Found Laiffoyble's Distillery.
 22966 | Orc:2    | Found Xoeph's Book Shop.
 22967 | Orc:2    | Found Kuej's Weapon Shoppe.
 22967 | Orc:2    | Found Povaseet's Distillery.
 22980 | Orc:2    | Bought a potion of heal wounds for 60 gold pieces
 22980 | Orc:2    | Bought a potion of curing for 36 gold pieces
 22980 | Orc:2    | Bought a potion of curing for 36 gold pieces
 22980 | Orc:2    | Bought a potion of curing for 36 gold pieces
 22980 | Orc:2    | Bought a potion of haste for 120 gold pieces
 22990 | Orc:2    | Bought 2 potions of curing for 96 gold pieces
 23264 | Snake:1  | Entered Level 1 of the Snake Pit
 23739 | D:12     | Noticed Rupert
 23744 | D:12     | Killed Rupert
 24007 | D:12     | Reached XP level 15. HP: 65/86 MP: 23/38
 24687 | D:13     | You fall into a shaft and drop 2 floors!
 24687 | D:15     | Entered Level 15 of the Dungeon
 25033 | D:15     | Reached skill level 18 in Spellcasting
 25695 | D:15     | Found a staircase to the Depths.
 25717 | D:14     | Noticed Josephine
 26171 | D:14     | Identified the +2 ring mail "Gobrarr" {rF+ rC+}
 26539 | D:13     | Found a portal to a secret trove of treasure.
 26613 | D:13     | Found Dounich's Desiderata Depot.
 27224 | D:13     | Reached skill level 19 in Spellcasting
 27224 | D:13     | Reached XP level 16. HP: 92/92 MP: 39/41
 27673 | D:14     | Killed Josephine
 28233 | D:14     | Found an ancient bone altar of Kikubaaqudgha.
 28632 | D:14     | Found a gate to the Vaults.
 28658 | D:14     | Reached skill level 20 in Spellcasting
 29328 | Snake:1  | Noticed Aizul
 29333 | Snake:1  | Killed Aizul
 29997 | Snake:2  | Reached XP level 17. HP: 96/96 MP: 32/43
 30006 | Snake:2  | Noticed Nikola
 30017 | Snake:2  | Killed Nikola
 30160 | Snake:2  | Noticed Vashnia
 30172 | Snake:2  | Killed Vashnia
 30172 | Snake:2  | Shot with a bolt by a naga sharpshooter

Illustrated notes

Levels and vault maps discovered:
D:1:      kennysheep_arrival_seaside, layout_rooms
D:2:      layout_loops_ring, shapermc_ecumenical_altar_flowoftime
D:3:      layout_loops_ring, serial_shops, nicolae_shop_hallway_plus,
          hangedman_decor_growths
D:4:      layout_loops_corners, uniq_robin
D:5:      layout_basic, zin_scriptorium, serial_shops, shop
D:6:      layout_cave_pods, minmay_temple_entry_antechambers, serial_shops,
          nicolae_diamond_shop
D:7:      layout_basic, mainiacjoe_overflow_brackets
D:8:      layout_cave_pools, cheibriados_altar_1, mainiacjoe_overflow_catwalk,
          chequers_temple_overflow_statue_of_worship
D:9:      layout_irregular_city, nicolae_gozag_seed_capital,
          minmay_orc_entry_temple_small
D:10:     layout_basic, mainiacjoe_overflow_alcove_2
D:11:     layout_long_grid, grunt_lair_entry_orc_guard_hut, uniq_maurice,
          uniq_sonja
D:12:     layout_cave_pools, uniq_rupert
D:13:     layout_stronghold, nicolae_trove_entry_columns, nicolae_alphabet_shops
D:14:     layout_cave_pools, hangedman_vaults_entry_quadrant_bands,
          ebering_dispersal_statue_hall, nicolae_kikubaaqudgha_miasma_corner,
          uniq_josephine
D:15:     hangedman_depths_entry_try_elsewhere_first, layout_cave_pools,
          minmay_misc_feat_enclosed
Lair:1:   layout_misc_corridors, gauntlet_entry_generic, special_room
          [special_room_bee]
Lair:2:   layout_regular_city, minivault_24, grunt_megastairs_4,
          lemuel_fruit_fields
Lair:3:   cheibrodos_magma_flow, layout_regular_city,
          minmay_snake_entry_guardpost_small, minivault_24, uniq_urug
Lair:4:   layout_gridlike, nicolae_swamp_entry_splash_gauntlet, uniq_nergalle
Lair:5:   layout_roguey, dpeg_slime_entry_enclosed_altar,
          minmay_stone_trees_small, serial_bayou_shore_b, grunt_megastairs_3,
          uniq_nessos
Lair:6:   cheibrodos_lair_end_hotspot, layout_hall_layers, basic_altar,
          infiniplex_staircase_pool_2
Snake:1:  layout_cave_shapes, special_room, grunt_megastairs_1, uniq_aizul
Snake:2:  layout_layer_cave, uniq_nikola, uniq_saint_roka, uniq_vashnia
Orc:1:    layout_diamond_mine
Orc:2:    st_orc_elflike, layout_diamond_mine, hangedman_feature_mirror,
          uniq_jorgrun

Skill      XL: |  1  2  3  4  5  6  7  8  9 10 11 12 13 14 15 16 |
---------------+-------------------------------------------------+-----
Spellcasting   | 4 5 6 7 8 10 12 13 14 15 16 17 19 20 | 20.2
Conjurations   | 5 6 7 9 11 12 13 14 15 16 | 16.7
Shields        | 1 2 3 4 |  4.0
Invocations    | 1 5 7 9 10 11 12 13 | 13.3
Stealth        | 5 8 10 | 10.9
Fire Magic     | 2 5 7 9 10 11 12 | 12.3
Fighting       | 4 7 |  7.5
Dodging        | |  2.4

Action                   |  1- 3 |  4- 6 |  7- 9 | 10-12 | 13-15 | 16-18 || total
-------------------------+-------+-------+-------+-------+-------+-------++-------
Melee: Short sword       |     6 |       |       |       |       |       ||     6
       Staff             |       |       |     3 |    12 |     8 |     5 ||    28
 Cast: Magic Dart        |    83 |    44 |    97 |    61 |    16 |     3 ||   304
       Searing Ray       |     4 |    11 |    26 |    10 |     1 |       ||    52
       Dazzling Flash    |       |     1 |    18 |    11 |     1 |       ||    31
       Hailstorm         |       |       |    17 |    89 |    58 |     3 ||   167
       Iskenderun's Myst |       |       |     6 |    91 |    66 |     1 ||   164
       Fulminant Prism   |       |       |       |     2 |       |       ||     2
       Fireball          |       |       |       |       |   252 |    79 ||   331
       Blink             |       |       |       |       |     2 |       ||     2
       Sticky Flame      |       |       |       |       |     1 |     2 ||     3
Evoke: Wand              |       |       |       |       |    16 |       ||    16
  Use: Scroll            |       |     4 |    11 |     6 |     7 |     1 ||    29
       Potion            |       |       |     2 |     6 |     2 |     4 ||    14
Armor: Robe              |     4 |     4 |    14 |    18 |     4 |       ||    44
       Steam dragon scal |       |       |       |       |    12 |     3 ||    15
Dodge: Dodged            |     3 |     9 |    69 |    97 |    68 |    10 ||   256
Block: Buckler           |       |     1 |    11 |    26 |    41 |     3 ||    82

Table legend: (Time is in decaauts)
 A = Elapsed time spent in this place.
 B = Non-inter-level travel time spent in this place.
 C = Inter-level travel time spent in this place.
 D = Time resting spent in this place.
 E = Time spent auto-exploring this place.
 F = Levels seen in this place.
 G = Mean time per level.
                   A        B        C        D        E       F      G
               +--------+--------+--------+--------+--------+-----+--------+
         Total |  30177 |  28840 |   1337 |    360 |  24469 |  26 | 1160.7 |
       Dungeon |  15939 |  15123 |    816 |     24 |  13011 |  15 | 1062.6 |
          Lair |   9602 |   9202 |    400 |      0 |   7980 |   6 | 1600.3 |
     Snake Pit |   1345 |   1310 |     35 |      0 |   1151 |   2 |  672.5 |
  Orcish Mines |   2408 |   2323 |     85 |      0 |   1988 |   2 | 1204.0 |
      Gauntlet |    881 |    881 |      0 |    336 |    338 |   1 |  881.0 |
               +--------+--------+--------+--------+--------+-----+--------+

Top non-repeatable levels by time:
  Lair:3: 2239 daAuts
  Lair:2: 1758 daAuts
     D:9: 1726 daAuts
  Lair:6: 1652 daAuts
    D:13: 1609 daAuts
    D:14: 1577 daAuts
  Lair:5: 1550 daAuts
   Orc:2: 1462 daAuts
    D:11: 1444 daAuts
  Lair:1: 1207 daAuts
  Lair:4: 1195 daAuts
    D:15: 1113 daAuts
 Snake:1: 1063 daAuts
     D:3: 970 daAuts
     D:7: 956 daAuts
